 Dungeon Crawl Stone Soup version 0.14-a0-1192-g192f278 (webtiles) character file.

248 PolkaDot the Vexing (level 4, -5/30 HPs)
             Began as a Vampire Enchanter on Dec 1, 2013.
             Killed from afar by Egon's ghost (10 damage)
             ... with a stone arrow
             ... on Level 3 of the Dungeon.
             The game lasted 00:08:06 (2186 turns).

PolkaDot the Vexing (Vampire Enchanter)             Turns: 2186, Time: 00:08:06

HP  -5/30        AC  4     Str  7      XL: 4   Next: 44%
MP   7/8         EV 12     Int 17      God:
Gold 150         SH  0     Dex 15      Spells:  2 memorised,  2 levels left

rFire  + . .     SeeInvis +     a - +1 dagger
rCold  . . .     Clarity  .     j - +2 robe {rF+}
rNeg   + . .     Conserve .     (no shield)
rPois  .         rCorr    .     (no helmet)
rElec  .         rRot     .     (no cloak)
SustAb . .       Spirit   .     (no gloves)
rMut   .         Warding  .     (no boots)
Saprov . . .     Stasis   .     (no amulet)
                                (no ring)
                                (no ring)

@: slightly resistant to hostile enchantments, stealthy
A: fangs 3, see invisible, unbreathing
a: Bat Form


You were on level 3 of the Dungeon.
You were not thirsty.

You visited 1 branch of the dungeon, and saw 3 of its levels.

You collected 150 gold pieces.

Inventory:

Hand weapons
 a - a +1,+1 dagger (weapon)
Missiles
 d - 12 darts (quivered)
Armour
 j - a +2 robe of fire resistance (worn)
Scrolls
 b - 2 scrolls of recharging {unknown}
 h - 4 scrolls of identify {unknown}
 k - a scroll of fear {unknown}
 m - 2 scrolls of remove curse {unknown}
 o - a scroll of magic mapping {unknown}
Potions
 i - a potion of restore abilities
 n - 2 potions of curing
Books
 c - a book of Maledictions

   Spells                             Type                      Level
   *Corona                            Hexes                        1
   Sure Blade                         Hexes/Charms                 2
   *Ensorcelled Hibernation           Hexes/Ice                    2
   Confuse                            Hexes                        3
   Enslavement                        Hexes                        4
   Invisibility                       Hexes                        6


   Skills:
 - Level 3.1 Short Blades
 - Level 0.7 Throwing
 - Level 2.1 Dodging
 + Level 3.8 Stealth
 - Level 1.0 Spellcasting
 * Level 5.5 Hexes
 + Level 1.5 Ice Magic


You had 2 spell levels left.
You knew the following spells:

 Your Spells              Type           Power        Failure   Level  Hunger
a - Corona                Hex            ###....      2%          1    ##.....
d - Ensorcelled Hibernat  Hex/Ice        ##....       10%         2    ###....


Dungeon Overview and Level Annotations

Branches:
Dungeon (3/16)

Altars:
Elyvilon
Nemelex Xobeh
Okawaru

Portals:
Sewer: D:3

Annotations:
D:3 Egon's ghost, average GrEE


Innate Abilities, Weirdness & Mutations

You have razor-sharp teeth.*
You have supernaturally acute eyesight.
You can survive without breathing.*


Message History

As you read the scroll labeled CIKKEHUMUU, it crumbles to dust.
The creatures around you are filled with an inner flame!
It was a scroll of immolation.
Egon's ghost hits you!
Read which item? (? for menu, Esc to quit)
As you read the scroll labeled IJEGHO SUMOOF, it crumbles to dust.
You hear a loud clanging noise!
It was a scroll of noise.
You hear a shout!
You hear a bark!
You hear a shout!
Egon's ghost gestures at you while chanting.
The rocky blast misses you.
Egon's ghost points at you and mumbles some strange words.
The stone arrow hits you!
* * * LOW HITPOINT WARNING * * *
A jackal comes into view.
A gnoll comes into view.
Egon's ghost casts a spell at you. The stone arrow hits you!
You die...

#.................
............#####
............#
............#
............#
............#
............#
............#
...........@#
.......h....#
...........#########
.....g....p.........
.....#####s#########
.... #.# ... #.# .
#.#
g..#####.#########


You could see Egon's ghost (inner flame), a gnoll, a jackal and a giant
cockroach (inner flame).

Vanquished Creatures
  4 adders (D:2)
  A giant centipede (D:3)
  7 bats
  3 giant cockroaches
  2 goblins
  5 hobgoblins (D:1)
  8 kobolds
  A quokka (D:2)
  A ball python (D:3)
  2 giant newts
  9 jackals
  11 rats
54 creatures vanquished.

Notes
Turn   | Place    | Note
--------------------------------------------------------------
     0 | D:1      | PolkaDot, the Vampire Enchanter, began the quest for the Orb.
     0 | D:1      | Reached XP level 1. HP: 13/13 MP: 4/4
   280 | D:1      | Reached XP level 2. HP: 11/19 MP: 5/5
   779 | D:1      | Learned a level 2 spell: Ensorcelled Hibernation
   928 | D:1      | Reached XP level 3. HP: 21/24 MP: 6/6
  1454 | D:2      | Reached skill level 1 in Ice Magic
  1629 | D:2      | Found an iron altar of Okawaru.
  1630 | D:2      | Found a sparkling altar of Nemelex Xobeh.
  1637 | D:2      | Found a white marble altar of Elyvilon.
  1830 | D:2      | Reached skill level 5 in Hexes
  1830 | D:2      | Reached XP level 4. HP: 30/30 MP: 8/8
  2157 | D:3      | Noticed Egon's ghost (average GrEE)
  2160 | D:3      | Found a glowing drain.
  2186 | D:3      | Killed from afar by Egon's ghost

Action                   |  1- 3 |  4- 6 || total
-------------------------+-------+-------++-------
Melee: Dagger            |   140 |    31 ||   171
 Cast: Ensorcelled Hiber |     6 |     5 ||    11
  Use: Potion            |     2 |     3 ||     5
       Scroll            |       |     2 ||     2
 Stab: Sleeping          |    16 |     6 ||    22
